 Dungeon Crawl Stone Soup version 0.26-a0-597-gb535b0901c (webtiles) character file.

Game seed: 12781975594853067278

72 Alarkh the Insei (level 4, 34/34 HPs)
             Began as a Demonspawn Gladiator on Sept 14, 2020.
             Got out of the dungeon alive.
             The game lasted 00:01:58 (1256 turns).

Alarkh the Insei (Demonspawn Gladiator)             Turns: 1256, Time: 00:01:59

Health: 34/34      AC:  5    Str: 14    XL:     4   Next: 6%
Magic:  4/4        EV: 12    Int: 10    God:
Gold:   67         SH:  0    Dex: 15    Spells: 3/3 levels left

rFire    . . .     SeeInvis .     - Unarmed
rCold    . . .     Faith    .   (no shield)
rNeg     . . .     Spirit   .   a - +0 leather armour
rPois    .         Reflect  .   b - +0 helmet
rElec    .         Harm     .   (no cloak)
rCorr    +                      (no gloves)
MR       .....                  (no boots)
Stlth    +.........             (no amulet)
HPRegen  0.11/turn              l - ring of resist corrosion
MPRegen  0.09/turn              (no ring)

@: no status effects
A: rot immunity, sharp scales 1
a: no special abilities


You escaped.
You visited 1 branch of the dungeon, and saw 2 of its levels.

You collected 67 gold pieces.

Inventory:

Missiles
 c - 3 throwing nets (quivered)
Armour
 a - a +0 leather armour (worn)
 b - a +0 helmet (worn)
Jewellery
 l - a ring of resist corrosion (left hand)
Scrolls
 d - a scroll of fog {unknown}
 f - 3 scrolls of identify {unknown}
 h - a scroll of immolation {unknown}
 j - a scroll of fear {unknown}
Potions
 e - a potion of stabbing {unknown}
 g - a potion of heal wounds {unknown}
 i - a potion of flight {unknown}
 k - 2 potions of curing {unknown}


   Skills:
 + Level 2.9 Fighting
 - Level 1.7 Throwing
 - Level 2.6 Dodging
 * Level 4.0 Unarmed Combat


You had 3 spell levels left.
You didn't know any spells.
Your spell library was empty.

Dungeon Overview and Level Annotations

Branches:
Dungeon (2/15)

Altars:


Innate Abilities, Weirdness & Mutations

You are immune to rotting.
You are partially covered in razor-sharp scales. (AC +1, Slay +1)


Message History

You kill the ball python!
No target in view!
No target in view!
No target in view!
No target in view!
No target in view!
No target in view!
No target in view!
No target in view!
You see here a ball python corpse.
You see here a leopard gecko corpse.
There is a stone staircase leading up here.
You climb upwards.
There is a stone staircase leading down here.
You open the door.
There is an open door here.
You see here 16 bolts.
There is a staircase leading out of the dungeon here.
Are you sure you want to leave the Dungeon?
This will make you lose the game!
You have escaped!

# #.## #.#.#..##.# #####..#
#.#.#..##.# .......# #.#.#..##.#
#### ######.##########.#.#..##.#
#... # #...............#.#.....#
#.##
#.###.####.######.###.######.##
#.# #.# #.# #.##.........##...
###.###.## #.###.###.##..##.#####
#.....#..# #.+..@..+.###.##....##
#...#.##.#######.#######.#####.##
#####.##.#.............#.# #.##
#.# #.##.####.#####.####.#####.##
#.# #.##..###.#####.##.........##
#.###.###.##(........#....#######
#.....# #.######.######...#..†...
#.##### #.'..........('...#.#####
..##### #.######.######...#.#


There were no monsters in sight!

Vanquished Creatures
  2 adders (D:2)
  2 dart slugs (D:1)
  A leopard gecko (D:2)
  2 ball pythons (D:2)
  12 bats
  A giant cockroach (D:1)
  2 goblins (D:1)
  6 hobgoblins (D:1)
  7 jackals
  3 kobolds
  2 frilled lizards (D:1)
  4 rats
44 creatures vanquished.

Notes
Turn   | Place    | Note
-------+----------+-------------------------------------------
     0 | D:1      | Alarkh the Demonspawn Gladiator began the quest for the
                  | Orb.
     0 | D:1      | Reached XP level 1. HP: 16/16 MP: 1/1
    77 | D:1      | Reached skill level 3 in Unarmed Combat
   148 | D:1      | Gained mutation: You are partially covered in razor-sharp
                  | scales. (AC +1, Slay +1) [demonic ancestry]
   148 | D:1      | Reached XP level 2. HP: 16/22 MP: 2/2
   411 | D:1      | Reached XP level 3. HP: 18/28 MP: 3/3
  1136 | D:2      | Found a faded altar of an unknown god.
  1139 | D:2      | Reached skill level 4 in Unarmed Combat
  1142 | D:2      | Gained mutation: You are immune to rotting. [demonic
                  | ancestry]
  1142 | D:2      | Reached XP level 4. HP: 34/34 MP: 4/4
  1256 | D:$      | Got out of the dungeon alive.

Illustrated notes

Levels and vault maps discovered:
D:1:      shiori_shiawase, layout_basic, serial_curves, eino_curves_02,
          eino_curves_03, eino_curves_01, eino_curves_03
D:2:      layout_loops_cross, chequers_ecumenical_altar_simple_redux

Skill      XL: |  1  2  3 |
---------------+----------+-----
Unarmed Combat | 3 4 |  4.0
Fighting       | |  2.9
Throwing       | |  1.7
Dodging        | |  2.6

Action                   |  1- 3 |  4- 6 || total
-------------------------+-------+-------++-------
Melee: Unarmed           |   177 |     8 ||   185
       Punch             |     3 |       ||     3
Armor: Leather armour    |    80 |     3 ||    83
Dodge: Dodged            |   170 |     6 ||   176

Table legend: (Time is in decaauts)
 A = Elapsed time spent in this place.
 B = Non-inter-level travel time spent in this place.
 C = Inter-level travel time spent in this place.
 D = Time resting spent in this place.
 E = Time spent auto-exploring this place.
 F = Levels seen in this place.
 G = Mean time per level.
                   A        B        C        D        E       F      G
               +--------+--------+--------+--------+--------+-----+--------+
         Total |   1244 |   1131 |    113 |    122 |    693 |   2 |  622.0 |
       Dungeon |   1244 |   1131 |    113 |    122 |    693 |   2 |  622.0 |
               +--------+--------+--------+--------+--------+-----+--------+

Top non-repeatable levels by time:
     D:1: 906 daAuts
     D:2: 338 daAuts
